 Dungeon Crawl Stone Soup version 0.23-a0-516-g0f8c245 (webtiles) character file.

2048 MisterFreud the Grappler (level 9, -20/76 HPs)
             Began as a Troll Hunter on Dec 5, 2018.
             Was a Follower of Okawaru.
             Demolished by a two-headed ogre
             ... wielding a +0 dire flail of crushing
              (29 damage)
             ... on level 7 of the Dungeon.
             The game lasted 00:09:26 (4743 turns).

MisterFreud the Grappler (Troll Hunter)             Turns: 4743, Time: 00:09:27

Health: -20/76     AC:  6    Str: 25    XL:     9   Next: 4%
Magic:  9/11       EV: 13    Int:  7    God:    Okawaru [*.....]
Gold:   283        SH:  0    Dex: 10    Spells: 8/8 levels left

rFire    . . .     SeeInvis .     - Unarmed
rCold    . . .     Gourm    +   (no shield)
rNeg     . . .     Faith    .   b - +0 robe
rPois    .         Spirit   .   (helmet restricted)
rElec    .         Reflect  .   (no cloak)
rCorr    .         Harm     .   (gloves unavailable)
MR       .....                  (boots unavailable)
Stlth    +++.......             (no amulet)
HPRegen  0.62/turn              z - +1 ring of protection
MPRegen  0.12/turn              (no ring)

@: heroism
A: large, unfitting armour, claws 3, fast metabolism 3, gourmand, regeneration
1, shaggy fur 1, tough skin 2
a: Heroism, Renounce Religion


You were on level 7 of the Dungeon.
You worshipped Okawaru.
Okawaru was aware of your devotion.
You were completely stuffed.

You visited 2 branches of the dungeon, and saw 8 of its levels.

You collected 283 gold pieces.

Inventory:

Missiles
 a - 161 stones
 c - 4 large rocks (quivered)
 d - 2 throwing nets
Armour
 b - a +0 robe (worn)
Jewellery
 z - a +1 ring of protection (left claw)
Wands
 t - a wand of flame (14)
Scrolls
 g - a scroll of immolation
 h - 2 scrolls of teleportation {unknown}
 k - a scroll of fog
 n - a scroll of amnesia {unknown}
 o - a scroll of random uselessness {unknown}
 r - a scroll of remove curse
 u - a scroll of magic mapping {unknown}
 y - a scroll of blinking {unknown}
 B - 4 scrolls of identify
 C - a scroll of fear
Potions
 e - 2 potions of mutation
 i - 4 potions of might
 j - 2 potions of flight
 l - 3 potions of haste
 m - a potion of magic
 p - a potion of berserk rage
 q - a potion of cancellation {unknown}
 s - a potion of ambrosia {unknown}
 v - 2 potions of lignification
 w - a potion of resistance {unknown}
 x - 2 potions of curing {unknown}
Comestibles
 f - 15 rations
 D - 3 chunks of flesh


   Skills:
 - Level 1.5(6.5) Fighting
 - Level 6.0(11.0) Throwing
 + Level 4.3(9.3) Dodging
 - Level 0.3(5.3) Stealth
 - Level 8.0(13.0) Unarmed Combat
 - Level 4.2 Invocations


You had 8 spell levels left.
You didn't know any spells.
Your spell library contained the following spells:

 Spells                   Type           Power        Failure   Level  Hunger
 Beastly Appendage        Tmut           #.....       43%         1    ##.....
 Sticks to Snakes         Tmut           #.......     56%         2    ###....
 Spider Form              Tmut/Pois      #.........   80%         3    ####...
 Ice Form                 Ice/Tmut       #.......     99%         4    #####..
 Blade Hands              Tmut           #.........   100%        5    ######.


Dungeon Overview and Level Annotations

Branches:
Dungeon (7/15)             Temple (1/1) D:6

Altars:
Dithmenos
Fedhas
Makhleb
Nemelex Xobeh
Okawaru
Xom
The Shining One

Shops:
D:4 ([   D:7 (

Annotations:
D:3 2 runed doors, XanderDroid's ghost, amateur GnWn


Innate Abilities, Weirdness & Mutations

You are too large for most types of armour.
You have claws for hands.
Your metabolism is lightning-fast.
You like to eat raw meat.
Your natural rate of healing is unusually fast.
You are covered in fur. (AC +1)
You have very tough skin. (AC +2)


Message History

You gain the combat prowess of a mighty hero.
The two-headed ogre hits you with a +0 dire flail of crushing!!
The two-headed ogre hits you with a +0 giant club.
You scratch the two-headed ogre but do no damage.
The two-headed ogre is moderately wounded.
You claw the two-headed ogre!
The two-headed ogre is severely wounded.
The two-headed ogre closely misses you.
The two-headed ogre hits you with a +0 giant club!
* * * LOW HITPOINT WARNING * * *
You scratch the two-headed ogre.
The two-headed ogre is severely wounded.
The two-headed ogre completely misses you.
The two-headed ogre barely misses you.
You claw the two-headed ogre!
The two-headed ogre is almost dead.
The two-headed ogre hits you with a +0 dire flail of crushing!
* * * LOW HITPOINT WARNING * * *
x2 The two-headed ogre hits you with a +0 giant club!!
You die...

## # # #. .# #
#.##.#####.#.#
###(...........#
........∩....###
#O@.......#
###...###.#+#..
#.....##.......#
+.....++.....#.#
#######.....##.....#.#
#...<#.......#.....#.##
#.####.......+.....#..#
#.# #.##....#.....#..#
#.# #. #....#.....#..#


You could see a two-headed ogre.

Vanquished Creatures
  Sigmund (D:2)
  2 ice beasts
  2 ogres
  3 centaurs
  2 bullfrogs (D:7)
  7 scorpions
  A howler monkey (D:5)
  3 crimson imps (D:7)
  A jelly (D:7)
  2 orc priests (D:6)
  3 orc wizards
  Jessica (D:2)
  2 iguanas (D:6)
  Natasha (thrice) (D:3)
  2 worker ants
  A worker ant zombie (D:6)
  Robin (D:4)
  A howler monkey skeleton (D:7)
  8 gnolls
  7 adders
  2 oozes
  An adder skeleton (D:6)
  2 worms (D:2)
  3 dart slugs
  6 leopard geckos
  13 orcs
  6 bats
  3 giant cockroaches
  21 goblins
  10 hobgoblins
  8 jackals
  4 quokkas
  A ball python (D:2)
  4 frilled lizards
  8 kobolds
  2 quokka skeletons (D:4)
  A quokka zombie (D:7)
  8 rats
156 creatures vanquished.

Vanquished Creatures (others)
  A fungus (D:6)
1 creature vanquished.

Grand Total: 157 creatures vanquished

Notes
Turn   | Place    | Note
-------+----------+-------------------------------------------
     0 | D:1      | MisterFreud the Troll Hunter began the quest for the Orb.
     0 | D:1      | Reached XP level 1. HP: 19/19 MP: 0/0
   123 | D:1      | Reached skill level 1 in Unarmed Combat
   175 | D:1      | Reached XP level 2. HP: 27/27 MP: 1/1
   288 | D:1      | Reached skill level 2 in Unarmed Combat
   830 | D:2      | Noticed Jessica
   840 | D:2      | Killed Jessica
   840 | D:2      | Reached skill level 3 in Unarmed Combat
   840 | D:2      | Reached XP level 3. HP: 14/33 MP: 2/2
   890 | D:2      | Reached XP level 4. HP: 14/41 MP: 3/3
  1132 | D:2      | Reached skill level 4 in Unarmed Combat
  1162 | D:2      | Noticed Sigmund
  1174 | D:2      | Killed Sigmund
  1174 | D:2      | Reached skill level 5 in Unarmed Combat
  1174 | D:2      | Reached XP level 5. HP: 48/48 MP: 4/4
  1495 | D:3      | Reached XP level 6. HP: 55/55 MP: 5/5
  1558 | D:3      | Noticed Natasha
  1569 | D:3      | Killed Natasha
  1569 | D:3      | Reached skill level 6 in Unarmed Combat
  1589 | D:3      | Noticed Natasha
  1595 | D:3      | Killed Natasha
  2014 | D:3      | Found a runed door.
  2015 | D:3      | Noticed XanderDroid's ghost (amateur GnWn)
  2081 | D:3      | Found a runed door.
  2109 | D:3      | Noticed Natasha
  2119 | D:3      | Killed Natasha
  2273 | D:4      | Noticed an ice beast
  2277 | D:4      | Killed an ice beast
  2277 | D:4      | Reached skill level 7 in Unarmed Combat
  2339 | D:4      | Noticed Robin
  2361 | D:4      | Killed Robin
  2475 | D:4      | Reached XP level 7. HP: 62/62 MP: 6/6
  2540 | D:4      | Found Ipaluwn's Armour Boutique.
  2576 | D:4      | Found Doluru's Antique Weapon Shoppe.
  2953 | D:5      | Entered Level 5 of the Dungeon
  3153 | D:5      | Reached skill level 8 in Unarmed Combat
  3354 | D:6      | Reached skill level 5 in Throwing
  3368 | D:6      | Found a staircase to the Ecumenical Temple.
  3407 | Temple   | Entered the Ecumenical Temple
  3425 | Temple   | Became a worshipper of Warmaster Okawaru
  3472 | D:6      | Reached XP level 8. HP: 15/70 MP: 7/7
  3594 | D:6      | Found a glowing golden altar of the Shining One.
  4115 | D:6      | Reached * piety under Okawaru
  4579 | D:7      | Reached XP level 9. HP: 73/76 MP: 11/11
  4728 | D:7      | Found Alusud's Weapon Shoppe.
  4734 | D:7      | Noticed a two-headed ogre
  4743 | D:7      | Demolished by a two-headed ogre

Vault maps used:
D:1:      eino_arrival_tree_alley, minmay_liquid_box
D:2:      serial_glass, glass_columns_a, glass_columns_c, glass_columns_b,
          glass_columns_c, glass_columns_a, glass_columns_a, glass_columns_a,
          glass_columns_c, glass_columns_a, glass_columns_b, glass_columns_a,
          glass_columns_b, glass_columns_a, glass_columns_b, uniq_sigmund,
          uniq_jessica
D:3:      ebering_ghost_sewer_f, minmay_misc_feat_room, uniq_natasha
D:4:      serial_shops, shop, nicolae_shop_behind_doors, item_on_display_a,
          uniq_robin
D:5:      first_ration, minmay_misc_feat_rugged, moated_statue
D:6:      old_forge, tso_altar, temple_pool_b, kennysheep_doodads
D:7:      corexii_shantytown, serial_shops, shop
Temple:   regret_index_temple_sigil_plot

Skill      XL: |  1  2  3  4  5  6  7  8 |
---------------+-------------------------+-----
Unarmed Combat | 1 3 5 7 8 |  8.0
Throwing       | 5 6 |  6.0
Invocations    | 4 |  4.2
Dodging        | 4 |  4.3
Fighting       | |  1.5
Stealth        | |  0.3

Action                   |  1- 3 |  4- 6 |  7- 9 || total
-------------------------+-------+-------+-------++-------
Melee: Unarmed           |    81 |   135 |   219 ||   435
       Punch             |     1 |     2 |     6 ||     9
Throw: Large rock        |       |     2 |     1 ||     3
Invok: Heroism           |       |       |     1 ||     1
  Use: Scroll            |       |     8 |     5 ||    13
 Stab: Distracted        |       |     1 |       ||     1
       Sleeping          |       |       |     3 ||     3
  Eat: Chunk             |    12 |    16 |    21 ||    49
Armor: Robe              |    21 |    37 |    64 ||   122
Dodge: Dodged            |    34 |    60 |   100 ||   194

Table legend:
 A = Non-vault XP
 B = Vault XP
 C = Vault XP percentage of total XP
 D = Non-vault monster count
 E = Vault monster count
 F = Vault count percentage of total count
                 A         B        C        D         E       F
            +---------+---------+-------+---------+---------+-------
      Total |    2091 |     835 |  28.5 |     122 |      34 |  21.8
            +---------+---------+-------+---------+---------+-------
        D:1 |      34 |       0 |   0.0 |      20 |       0 |   0.0
        D:2 |      74 |     268 |  78.4 |      22 |       2 |   8.3
        D:3 |     137 |      35 |  20.3 |      19 |       1 |   5.0
        D:4 |     207 |      35 |  14.5 |      16 |      12 |  42.9
        D:5 |     227 |       0 |   0.0 |       7 |       0 |   0.0
        D:6 |     799 |     471 |  37.1 |      22 |      11 |  33.3
        D:7 |     613 |      26 |   4.1 |      16 |       8 |  33.3
            +---------+---------+-------+---------+---------+-------
